 Dungeon Crawl Stone Soup version 0.17.0-28-g6e173f8 (webtiles) character file.

49 plasmid the Digger (level 3, 0/19 HPs)
             Began as a Gargoyle Earth Elementalist on Dec 2, 2015.
             Slain by a giant cockroach (2 damage)
             ... on level 2 of the Dungeon.
             The game lasted 00:12:03 (1010 turns).

plasmid the Digger (Gargoyle Earth Elementalist)    Turns: 1010, Time: 00:12:03

Health: 0/19       AC:  5    Str: 11    XL:     3   Next: 75%
Magic:  0/6        EV: 12    Int: 16    God:
Gold:   31         SH:  0    Dex: 10    Spells: 2 memorised, 3 levels left

rFire  . . .     SeeInvis .     e - -2 dagger (curse)
rCold  . . .     Clarity  .     a - +0 robe
rNeg   + . .     SustAt   .     (no shield)
rPois  ∞         Gourm    .     (no helmet)
rElec  +         Spirit   .     (no cloak)
rCorr  .         Warding  .     (no gloves)
rMut   +         Stasis   .     (no boots)
MR     .....                    i - amulet of resist mutation
Stlth  ++........               (no ring)
                                (no ring)

@: not resistant to hostile enchantments, unstealthy
A: negative energy resistance 1, electricity resistance, unbreathing,
petrification resistance, rot immunity, AC +3
a: no special abilities


You were on level 2 of the Dungeon.
You were not hungry.

You visited 1 branch of the dungeon, and saw 2 of its levels.

You collected 31 gold pieces.

Inventory:

Hand Weapons
 e - a cursed -2 dagger (weapon)
Missiles
 b - 34 stones (quivered)
Armour
 a - a +0 robe (worn)
Jewellery
 i - an amulet of resist mutation (around neck)
Books
 c - a book of Geomancy

   Spells                             Type                      Level
   a - Sandblast                      Earth                        1
   b - Stoneskin                      Transmutation/Earth          2
   c - Passwall                       Transmutation/Earth          3
   d - Stone Arrow                    Conjuration/Earth            3
   e - Petrify                        Transmutation/Earth          4
   f - Lee's Rapid Deconstruction     Earth                        5
Comestibles
 d - a bread ration
 f - 4 chunks of flesh
 g - 5 fruits
 h - a meat ration


   Skills:
 - Level 1.5 Dodging
 - Level 2.1 Stealth
 - Level 2.0 Spellcasting
 - Level 0.7 Transmutations
 + Level 5.5 Earth Magic


You had 3 spell levels left.
You knew the following spells:

 Your Spells              Type           Power        Failure   Level  Hunger
a - Sandblast             Erth           ###...       1%          1    #......
b - Stoneskin             Trmt/Erth      ##......     10%         2    ###....


Dungeon Overview and Level Annotations

Branches:
Dungeon (2/15)

Altars:


Innate Abilities, Weirdness & Mutations

You are resistant to torment.
Your stone body is resilient (AC +3).
You are immune to poison.
You resist negative energy.
You are resistant to electric shocks.
You can survive without breathing.
You are immune to petrification.
You are immune to rotting.


Message History

Confirm with . or Enter, or press ? or * to list all spells.
Aiming: Sandblast
Press: ? - help, Shift-Dir - straight line, f - giant cockroach
Aim: a giant cockroach The blast of sand hits the giant cockroach.
The giant cockroach barely misses you.
Casting: Sandblast
Confirm with . or Enter, or press ? or * to list all spells.
Aiming: Sandblast
Press: ? - help, Shift-Dir - straight line, f/p - giant cockroach
Aim: a giant cockroach The blast of sand hits the giant cockroach.
The giant cockroach bites you.
* * * LOW HITPOINT WARNING * * *
The giant cockroach misses you.
You are too injured to fight recklessly!
You are too injured to fight recklessly!
The giant cockroach barely misses you. The giant cockroach bites you.
You die...

g......# ........#
........# .=......#
###### ...#..... #..<..
....###...########
#.#.#. .... ..........#
#.#.#. ....# ......s.#
#.#.#. .......@# #.#.#.
......$.# #.#.#.
#.......# #.#.#.
#.......###########.#.#.
......)......>......# ##
######.######.....### #.
#.....# .. #.....# ...
#.....#


You could see a giant cockroach.

Vanquished Creatures
  An adder (D:2)
  A worm (D:2)
  2 giant cockroaches (D:1)
  4 goblins (D:1)
  4 hobgoblins
  6 jackals (D:1)
  2 kobolds
  5 bats (D:1)
  3 giant geckos (D:1)
  A giant newt (D:1)
  4 rats
33 creatures vanquished.

Notes
Turn   | Place    | Note
--------------------------------------------------------------
     0 | D:1      | plasmid the Gargoyle Earth Elementalist began the quest for the Orb.
     0 | D:1      | Reached XP level 1. HP: 10/10 MP: 3/3
    93 | D:1      | Reached skill level 4 in Earth Magic
   220 | D:1      | Reached XP level 2. HP: 7/15 MP: 0/5
   516 | D:1      | Learned a level 2 spell: Stoneskin
   542 | D:1      | Reached XP level 3. HP: 12/19 MP: 4/6
   634 | D:1      | Reached skill level 5 in Earth Magic
  1010 | D:2      | Slain by a giant cockroach

Action                   || total
-------------------------++-------
Melee: Unarmed           ||    23
       Dagger            ||    66
 Cast: Sandblast         ||    62
  Use: Scroll            ||     1
       Potion            ||     1
 Stab: Invisible         ||     2
  Eat: Chunk             ||     2
